 Dungeon Crawl Stone Soup version 0.19.1 (webtiles) character file.

108021 Patate the Warrior (level 16, -22/112 HPs)
             Began as a Gargoyle Fighter on Dec 6, 2016.
             Was a High Priest of Okawaru.
             Killed from afar by Ilsuiw (47 damage)
             ... with a shard of ice
             ... on level 4 of the Shoals on Dec 8, 2016.
             The game lasted 01:47:19 (32604 turns).

Patate the Warrior (Gargoyle Fighter)              Turns: 32604, Time: 01:47:21

Health: -22/112    AC: 48    Str: 27    XL:     16   Next: 48%
Magic:  23/24      EV: 12    Int: 14    God:    Okawaru [*****.]
Gold:   2076       SH: 16    Dex: 14    Spells: 0 memorised, 15 levels left

rFire  . . .     SeeInvis +     j - +6 mace (venom)
rCold  . . .     Gourm    .     D - +8 chain mail of Mijeuggu {Int+3 Stlth+}
rNeg   + . .     Faith    .     c - +0 shield
rPois  ∞         Spirit   .     C - +0 mask of the Dragon {MR+ Slay+3 SInv}
rElec  +         Reflect  .     L - +2 cloak of Uskayaw's Esteem {Int+2 Dex+2}
rCorr  .         Harm     .     U - +2 pair of gloves {Dex+3}
MR     +++..     NoCast   +     p - +1 pair of boots of Jots {-Cast rPois Stlth+}
Stlth  ++........               I - amulet of rage
                                V - ring of protection from magic
                                s - +3 ring of protection

@: heroism, flying
A: big wings, negative energy resistance 1, electricity resistance, wild magic
1, unbreathing, petrification resistance, rot immunity, AC +11
a: Stop Flying, Heroism, Finesse, Renounce Religion, Evoke Berserk Rage


You were on level 4 of the Shoals.
You worshipped Okawaru.
Okawaru was extremely pleased with you.
You were very hungry.

You visited 6 branches of the dungeon, and saw 26 of its levels.

You collected 2361 gold pieces.
You spent 285 gold pieces at shops.

Inventory:

Hand Weapons
 j - a +6 mace of venom (weapon)
Armour
 c - a +0 shield (worn)
 p - the +1 pair of boots of Jots (worn) {-Cast rPois Stlth+}
   (Okawaru gifted it to you on level 5 of the Lair of Beasts)

   It protects you from poison.
   It prevents spellcasting.
   It makes you more stealthy.
 r - the +7 ring mail of Zycat {rF+ Regen+ Int+7 Dex-3}
   (Okawaru gifted it to you on level 6 of the Lair of Beasts)

   It affects your intelligence (+7).
   It affects your dexterity (-3).
   It protects you from fire.
   It increases your rate of regeneration.
 C - the +0 mask of the Dragon (worn) {MR+ Slay+3 SInv}
   (You found it on level 6 of the Lair of Beasts)

   It affects your accuracy and damage with ranged weapons and melee attacks
   (+3).
   It affects your resistance to hostile enchantments.
   It lets you see invisible.
 D - the +8 chain mail of Mijeuggu (worn) {Int+3 Stlth+}
   (You bought it in a shop on level 2 of the Orcish Mines)

   It affects your intelligence (+3).
   It makes you more stealthy.
 L - the +2 cloak of Uskayaw's Esteem (worn) {Int+2 Dex+2}
   (You found it on level 2 of the Shoals)

   It affects your intelligence (+2).
   It affects your dexterity (+2).
 U - a +2 pair of gloves of dexterity (worn)
Jewellery
 s - a +3 ring of protection (left hand)
 I - an amulet of rage (around neck)
 V - a ring of protection from magic (right hand)
Wands
 k - a wand of digging (24/24)
 u - a wand of teleportation (3/9)
Scrolls
 b - 4 scrolls of enchant armour
 e - 4 scrolls of remove curse
 i - a scroll of identify
 o - 4 scrolls of magic mapping
 q - a scroll of summoning
 t - 6 scrolls of enchant weapon
 y - 4 scrolls of fog
 A - 2 scrolls of fear
 K - 4 scrolls of recharging
 M - a scroll of teleportation
 N - a scroll of blinking
 O - a scroll of acquirement
Potions
 a - 2 potions of ambrosia
 h - 4 potions of resistance
 l - 2 potions of berserk rage
 v - a potion of invisibility
 w - 2 potions of might
 z - 4 potions of cancellation
 B - a potion of brilliance
 F - a potion of lignification {unknown}
 G - 3 potions of heal wounds
 H - a potion of mutation {unknown}
 J - 4 potions of cure mutation {unknown}
 T - a potion of agility {unknown}
 W - 5 potions of haste
Comestibles
 d - 12 meat rations
 f - 9 bread rations
 g - 7 slices of pizza
 m - 2 royal jellies
 n - 5 fruits
 x - 15 beef jerkies


   Skills:
 + Level 17.3(22.3) Fighting
 - Level 14.0(19.0) Maces & Flails
 + Level 15.1(20.1) Armour
 - Level 14.0(19.0) Shields
 - Level 11.0 Invocations


You had 15 spell levels left.
You didn't know any spells.

Dungeon Overview and Level Annotations

Branches:
Dungeon (12/15)            Temple (1/1) D:7            Lair (6/6) D:11
 Shoals (4/4) Lair:3        Snake (1/4) Lair:3        Slime (0/5) Lair:6
    Orc (2/2) D:10            Elf (0/3) Orc:2

Altars:
Ashenzari
Cheibriados
Dithmenos
Elyvilon
Fedhas
Gozag
Hepliaklqana
Kikubaaqudgha
Makhleb
Nemelex Xobeh
Okawaru
Qazlal
Ru
Sif Muna
Trog
Vehumet
Xom
Yredelemnul
Zin
The Shining One
Beogh

Shops:
D:8 *:   Orc:2 =([*

Annotations:
Shoals:3 Bai Suzhen
Shoals:4 Ilsuiw
Snake:1 Asterion


Innate Abilities, Weirdness & Mutations

You are resistant to torment.
Your stone body is resilient. (AC +11)
You are immune to poison.
Your large and strong wings let you fly indefinitely.
You resist negative energy. (rN+)
You are resistant to electric shocks. (rElec)
You can survive without breathing.
You are immune to petrification.
You are immune to rotting.
Your spells are a little harder to cast, but a little more powerful.


Message History

The snapping turtle hisses angrily.
You hear an angry hiss.
You feel much better.
The siren chants a haunting song.
You resist with some effort. You block the merfolk's attack.
You block Ilsuiw's attack.
The merfolk impaler hits you but does no damage.
The merfolk hits you from afar with a trident!
The merfolk aquamancer closely misses you.
The siren chants a haunting song.
You resist with almost no effort. You block the merfolk's attack.
The merfolk impaler hits you with a demon trident of venom!
* * * LOW HITPOINT WARNING * * *
A sea snake and a snapping turtle come into view.
The merfolk aquamancer points at you and mumbles some strange words.
You block the great wave of water.
The wave splashes down.
The siren hits you from afar with a trident.
* * * LOW HITPOINT WARNING * * *
Ilsuiw casts a spell at you. The shard of ice hits you!
You die...

,,,≈≈≈≈≈≈≈≈≈..?.....≈.≈≈≈≈≈≈≈≈≈≈≈
,*****≈≈≈≈≈...≈≈≈≈.≈≈≈≈≈≈≈≈≈≈≈≈≈≈
**,,,*#≈.≈.$..≈≈≈≈..,,.≈≈≈≈≈≈≈≈≈≈
*,,,,,#.........≈≈.#,,..≈≈≈≈≈≈≈≈≈
*,,,,,#......#*$.≈.#,....,≈≈≈≈≈≈≈
*,,,,,#..≈P..###≈≈≈#...$.,,,,≈≈≈≈
**≈≈≈##..≈≈≈≈P≈P)≈≈#...≈#≈*≈,,≈≈≈
≈**+*#P..≈PP≈≈P≈(≈≈...≈#≈≈≈*≈,,≈≈
P≈≈≈≈....P≈≈≈≈≈<@mmmk.#≈≈≈≈≈*,,≈≈
≈≈≈≈≈≈≈..tPt≈)mm≈≈mm..≈≈≈≈≈≈≈,,≈≈
≈≈≈≈≈≈≈..P≈≈≈≈mP###...#≈≈≈≈≈*,,≈≈
≈≈≈≈≈P≈≈≈P≈≈≈m.## *#..≈#≈≈≈*≈,≈≈≈
≈≈≈≈≈≈≈≈≈≈≈≈≈m.# *...≈#≈*≈,,≈≈≈
≈≈≈≈≈≈≈≈≈≈≈H≈≈.#* *,....,,,,≈≈≈≈
≈≈≈≈≈≈≈≈≈≈≈S≈≈..****,,...,,,,,,≈≈
≈≈≈≈≈≈≈≈≈≈≈≈mP...,**,,...,,,,,,,≈
≈≈≈≈≈≈≈≈≈≈≈≈≈≈≈≈≈≈,,≈,,,,,,,,,,,≈


You could see Ilsuiw, a merfolk impaler, a sea snake (wandering), a merfolk
aquamancer, 2 snapping turtles, a wind drake, 3 merfolk, a manticore (wandering)
and 5 sirens.

Vanquished Creatures
  Agnes (Snake:1)
  2 orc warlords (Orc:2)
  Nessos (Lair:5)
  A merfolk javelineer (Shoals:3)
  2 ettins (D:10)
  5 merfolk impalers
  7 hydras
  Erica (D:8)
  2 merfolk aquamancers
  2 satyrs
  An alligator snapping turtle (Shoals:2)
  An anaconda (Snake:1)
  2 catoblepae (Lair:6)
  14 death yaks
  An orc high priest (Orc:2)
  Sonja (Lair:4)
  4 sea snakes
  An obsidian statue (Shoals:2)
  A hill giant (D:10)
  4 harpies
  3 orc knights
  Pikel (D:8)
  4 orc sorcerers
  2 ugly things
  2 oklob plants (D:11)
  A deep elf mage (Orc:2)
  12 manticores
  3 cyclopes
  6 sirens
  6 fauns (Shoals:1)
  16 elephants
  2 naga magi (Snake:1)
  4 water nymphs
  A torpor snail (Lair:2)
  4 black mambas
  12 spiny frogs
  7 komodo dragons
  A rime drake (Lair:4)
  11 polar bears
  A two-headed ogre (D:11)
  20 merfolk
  A hornet (D:10)
  A wind drake (Shoals:2)
  2 raiju (Lair:6)
  25 blink frogs
  13 hippogriffs
  2 slime creatures (Lair:6)
  4 snapping turtles
  18 dream sheep
  3 wyverns
  A shadow (D:11)
  31 yaks
  9 water elementals
  A hungry ghost (D:11)
  A steam dragon (D:11)
  The ghost of stonage the Skirmisher, an amateur DsFi (D:3)
  A basilisk (Lair:3)
  2 nagas (Snake:1)
  11 wargs
  10 water moccasins
  8 hell hounds (Lair:6)
  10 porcupines
  A hornet zombie (D:11)
  4 sky beasts
  31 orc warriors
  6 ice beasts
  An eye of draining (D:10)
  13 black bears (Lair:6)
  17 wolves
  4 ogres
  4 centaurs
  10 crocodiles
  3 big kobolds
  18 bullfrogs
  A wyvern skeleton (D:11)
  A scorpion (D:9)
  15 killer bees
  13 wights
  2 howler monkeys (D:10)
  4 lava snakes
  3 crimson imps
  3 centaur skeletons
  22 hounds
  5 jellies
  A gnoll shaman (Orc:2)
  9 orc priests
  14 orc wizards
  A bullfrog skeleton (D:11)
  Jessica (D:2)
  5 iguanas
  Terence (D:2)
  6 worker ants
  2 worker ant zombies
  11 gnolls
  14 adders
  A river rat (Lair:6)
  A shadow imp (D:9)
  3 oozes
  An adder zombie (D:9)
  An adder skeleton (D:4)
  A worm (D:2)
  2 dart slugs
  2 leopard geckos (D:1)
  57 orcs
  7 giant cockroaches
  7 goblins
  2 hobgoblins (D:2)
  20 jackals
  4 quokkas
  12 bats
  2 frilled lizards
  18 kobolds
  A quokka skeleton (D:4)
  A quokka zombie (D:5)
  9 rats
  3 fungi
  6 plants
  A tentacle (Shoals:2)
736 creatures vanquished.

Vanquished Creatures (others)
  3 slaves (D:8)
  A centaur (D:8)
  A big kobold (D:8)
  A wight (D:8)
  A worker ant (D:8)
  An adder (D:8)
  64 bushes
  27 fungi
  19 plants
  17 tentacles (Shoals:2)
135 creatures vanquished.

Grand Total: 871 creatures vanquished

Notes
Turn   | Place    | Note
-------+----------+-------------------------------------------
     0 | D:1      | Patate the Gargoyle Fighter began the quest for the Orb.
     0 | D:1      | Reached XP level 1. HP: 14/14 MP: 1/1
    61 | D:1      | Reached XP level 2. HP: 14/19 MP: 2/2
   550 | D:1      | Reached XP level 3. HP: 24/24 MP: 3/3
   887 | D:2      | Noticed Jessica
  1042 | D:2      | Noticed Terence
  1162 | D:2      | Killed Jessica
  1162 | D:2      | Reached skill level 4 in Fighting
  1162 | D:2      | Reached XP level 4. HP: 29/29 MP: 4/4
  1178 | D:2      | Killed Terence
  1201 | D:2      | Reached XP level 5. HP: 10/33 MP: 5/5
  1851 | D:3      | Reached XP level 6. HP: 33/39 MP: 6/6
  1870 | D:3      | Reached skill level 5 in Maces & Flails
  2189 | D:3      | Noticed stonage's ghost (amateur DsFi)
  2203 | D:3      | Killed stonage's ghost
  2203 | D:3      | Reached skill level 5 in Fighting
  2203 | D:3      | Reached XP level 7. HP: 37/44 MP: 7/7
  2235 | D:3      | Found a faded altar of an unknown god.
  2235 | D:3      | Found a faded altar of an unknown god.
  2240 | D:3      | Found a faded altar of an unknown god.
  2242 | D:3      | Found an opulent altar of Gozag.
  2244 | D:3      | Found a faded altar of an unknown god.
  2433 | D:3      | Found a glowing golden altar of the Shining One.
  2874 | D:4      | Reached skill level 5 in Armour
  3120 | D:4      | Found an ancient bone altar of Kikubaaqudgha.
  3421 | D:4      | Reached XP level 8. HP: 51/51 MP: 8/8
  3910 | D:5      | Entered Level 5 of the Dungeon
  4170 | D:5      | Reached skill level 6 in Fighting
  4189 | D:5      | Found a shimmering altar of Xom.
  4189 | D:5      | Found a burning altar of Makhleb.
  5233 | D:6      | Found a deep blue altar of Sif Muna.
  5282 | D:6      | Identified 2 scrolls of acquirement
  5787 | D:7      | Reached skill level 7 in Fighting
  5787 | D:7      | Reached XP level 9. HP: 41/57 MP: 9/9
  6188 | D:7      | Found a staircase to the Ecumenical Temple.
  6198 | Temple   | Entered the Ecumenical Temple
  6411 | Temple   | Became a worshipper of Warmaster Okawaru
  6546 | D:8      | Noticed Erica
  6571 | D:8      | Noticed Pikel
  6635 | D:8      | Found Elen's Assorted Antiques.
  6832 | D:8      | Found a hazy altar of Hepliaklqana.
  6873 | D:8      | Killed Pikel
  7073 | D:8      | Reached * piety under Okawaru
  7165 | D:8      | Found a shadowy altar of Dithmenos.
  7304 | D:8      | Found a basalt altar of Yredelemnul.
  7317 | D:8      | Reached skill level 8 in Fighting
  7323 | D:8      | Reached skill level 10 in Maces & Flails
  7325 | D:8      | Reached ** piety under Okawaru
  7325 | D:8      | Reached XP level 10. HP: 29/65 MP: 10/10
  7532 | D:8      | Noticed a two-headed hydra
  7544 | D:8      | Killed a two-headed hydra
  7696 | D:8      | Found a stormy altar of Qazlal.
  7797 | D:8      | Found Leza's Book Shoppe.
  7882 | D:8      | Killed Erica
  7882 | D:8      | Reached *** piety under Okawaru
  7882 | D:8      | Reached skill level 9 in Fighting
  8738 | D:9      | Noticed a cyclops
  8748 | D:9      | Killed a cyclops
  8748 | D:9      | Reached skill level 1 in Invocations
  9037 | D:10     | Entered Level 10 of the Dungeon
  9371 | D:10     | Reached XP level 11. HP: 71/71 MP: 10/12
  9378 | D:10     | Reached **** piety under Okawaru
  9564 | D:10     | Noticed a hill giant
  9571 | D:10     | Killed a hill giant
  9805 | D:10     | Found a runed door.
 10090 | D:10     | Found a staircase to the Orcish Mines.
 10092 | D:10     | Found a roughly hewn altar of Beogh.
 10185 | D:10     | Noticed a cyan ugly thing
 10187 | D:10     | Noticed an ettin
 10191 | D:10     | Noticed an orc knight
 10195 | D:10     | Killed a cyan ugly thing
 10209 | D:10     | Killed an orc knight
 10209 | D:10     | Reached ***** piety under Okawaru
 10209 | D:10     | Reached skill level 5 in Shields
 10564 | D:10     | Noticed an ettin
 10886 | D:10     | Killed an ettin
 10886 | D:10     | Reached skill level 10 in Fighting
 11190 | D:10     | Killed an ettin
 11848 | D:11     | Noticed an oklob plant
 11852 | D:11     | Found a staircase to the Lair.
 11895 | D:11     | Noticed an oklob plant
 11909 | D:11     | Killed an oklob plant
 12077 | D:11     | Killed an oklob plant
 12399 | D:11     | Reached skill level 5 in Invocations
 12410 | D:11     | Reached XP level 12. HP: 78/78 MP: 15/15
 13163 | Lair:1   | Entered Level 1 of the Lair of Beasts
 13206 | Lair:1   | Received a gift from Okawaru
 13673 | Lair:1   | Noticed a four-headed hydra
 13695 | Lair:1   | Killed a four-headed hydra
 13701 | Lair:1   | Reached skill level 11 in Fighting
 14487 | Lair:1   | Noticed a four-headed hydra
 14497 | Lair:1   | Killed a four-headed hydra
 14614 | Lair:2   | Reached ****** piety under Okawaru
 14803 | Lair:2   | Reached skill level 10 in Shields
 14941 | Lair:2   | Reached XP level 13. HP: 77/85 MP: 18/18
 15037 | Lair:2   | Received a gift from Okawaru
 15442 | Lair:3   | Reached skill level 12 in Fighting
 15680 | Lair:3   | Found a staircase to the Snake Pit.
 15886 | Lair:2   | Received a gift from Okawaru
 16204 | Lair:3   | Found a staircase to the Shoals.
 16674 | Lair:3   | Reached skill level 10 in Invocations
 17347 | Lair:3   | Received a gift from Okawaru
 17638 | Lair:4   | Noticed Sonja
 17666 | Lair:4   | Killed Sonja
 18987 | Lair:5   | Noticed Nessos
 19314 | Lair:5   | Killed Nessos
 19314 | Lair:5   | Gained mutation: Your large and strong wings let you fly indefinitely. [Gargoyle growth]
 19314 | Lair:5   | Reached XP level 14. HP: 67/92 MP: 22/22
 20203 | Lair:5   | Reached skill level 13 in Fighting
 20210 | Lair:5   | Received a gift from Okawaru
 20495 | Lair:5   | Got a pair of jewelled boots {god gift}
 20506 | Lair:5   | Identified the +1 pair of boots of Jots {-Cast rPois Stlth+} (Okawaru gifted it to you on level 5 of the Lair of Beasts)
 20693 | Lair:6   | Entered Level 6 of the Lair of Beasts
 21089 | Lair:6   | Reached skill level 10 in Armour
 21895 | Lair:6   | Reached skill level 14 in Fighting
 22437 | Lair:6   | Received a gift from Okawaru
 22456 | Lair:6   | Got a bloodstained ring mail {god gift}
 22467 | Lair:6   | Identified the +7 ring mail of Zycat {rF+ Regen+ Int+7 Dex-3} (Okawaru gifted it to you on level 6 of the Lair of Beasts)
 22922 | Lair:6   | Found a staircase to the Slime Pits.
 23176 | Lair:6   | Reached XP level 15. HP: 48/101 MP: 21/23
 23319 | Lair:6   | Reached skill level 15 in Fighting
 23616 | Orc:1    | Entered Level 1 of the Orcish Mines
 24152 | Orc:2    | Entered Level 2 of the Orcish Mines
 24152 | Orc:2    | Found Aluaz's Jewellery Shop.
 24199 | Orc:2    | Noticed an orc warlord
 24213 | Orc:2    | Killed an orc warlord
 24642 | Orc:2    | Noticed an orc warlord
 24936 | Orc:1    | Gained mutation: Your spells are a little harder to cast, but a little more powerful. [potion of beneficial mutation]
 25104 | Orc:2    | Killed an orc warlord
 25200 | Orc:2    | Found Hipyjom's Antique Weapon Boutique.
 25515 | Orc:2    | Found Woefam's General Store.
 25523 | Orc:2    | Found a roughly hewn altar of Beogh.
 25546 | Orc:2    | Found a staircase to the Elven Halls.
 25794 | Orc:2    | Found Goliet's Antique Armour Emporium.
 25802 | Orc:2    | Bought a faintly humming chain mail for 285 gold pieces
 25812 | Orc:2    | Identified the +8 chain mail of Mijeuggu {Int+3 Stlth+} (You bought it in a shop on level 2 of the Orcish Mines)
 26374 | Snake:1  | Entered Level 1 of the Snake Pit
 26384 | Snake:1  | Noticed Agnes
 26411 | Snake:1  | Killed Agnes
 26411 | Snake:1  | Received a gift from Okawaru
 26448 | Snake:1  | Noticed Asterion
 26640 | Snake:1  | Noticed a balrug
 26658 | Snake:1  | Noticed a balrug
 26983 | Shoals:1 | Entered Level 1 of the Shoals
 27057 | Shoals:1 | You are sucked into a shaft!
 27061 | Shoals:2 | Noticed a kraken
 27700 | Shoals:1 | Reached skill level 16 in Fighting
 28018 | Shoals:1 | Found Lestrismo's Food Emporium.
 29228 | Shoals:2 | Reached XP level 16. HP: 67/111 MP: 24/24
 29908 | Shoals:2 | Got a warped cloak
 29919 | Shoals:2 | Identified the +2 cloak of Uskayaw's Esteem {Int+2 Dex+2} (You found it on level 2 of the Shoals)
 30891 | Shoals:3 | Received a gift from Okawaru
 31226 | Shoals:3 | Reached skill level 17 in Fighting
 31666 | Shoals:3 | Noticed Bai Suzhen
 31998 | Shoals:4 | Entered Level 4 of the Shoals
 32160 | Shoals:4 | Noticed Ilsuiw
 32369 | Shoals:4 | Reached skill level 15 in Armour
 32604 | Shoals:4 | Killed from afar by Ilsuiw

Skill      XL: |  1  2  3  4  5  6  7  8  9 10 11 12 13 14 15 16 |
---------------+-------------------------------------------------+-----
Maces & Flails | 3 4 5 6 8 10 11 13 14 | 14.0
Fighting       | 4 5 7 8 9 10 11 12 14 16 17 | 17.3
Armour         | 4 5 6 8 9 11 14 15 | 15.1
Invocations    | 2 5 7 11 | 11.0
Shields        | 7 10 13 14 | 14.0

Action                   |  1- 3 |  4- 6 |  7- 9 | 10-12 | 13-15 | 16-18 || total
-------------------------+-------+-------+-------+-------+-------+-------++-------
Melee: Flail             |   171 |    16 |       |       |       |       ||   187
       Mace              |       |    94 |   289 |   729 |  1776 |   415 ||  3303
Invok: Heroism           |       |       |       |     8 |    20 |     7 ||    35
       Finesse           |       |       |       |       |     3 |       ||     3
Evoke: Wand              |       |       |       |     1 |       |       ||     1
  Use: Scroll            |     6 |     1 |    12 |     1 |    10 |     1 ||    31
       Potion            |       |     1 |       |     8 |     7 |     2 ||    18
  Eat: Chunk             |       |     5 |    16 |    17 |    33 |    10 ||    81
       Fruit             |       |       |       |    11 |     4 |       ||    15
       Beef jerky        |       |       |       |       |     7 |       ||     7
Armor: Scale mail        |   105 |    61 |   165 |    39 |       |       ||   370
       Chain mail        |       |       |       |   329 |   720 |   349 ||  1398
       Ring mail         |       |       |       |       |   180 |       ||   180
       Plate armour      |       |       |       |       |    17 |       ||    17
Dodge: Dodged            |    67 |    39 |    97 |   147 |   476 |   153 ||   979
Block: Shield            |   120 |    55 |   140 |   307 |  1173 |   364 ||  2159
